 Dungeon Crawl Stone Soup version 0.17-a0-2055-gb4e23be (webtiles) character file.

233 radek the Skirmisher (level 6, -1/49 HPs)
             Began as a Merfolk Berserker on Oct 11, 2015.
             Was a Priest of Trog.
             Succumbed to poison (a potion of poison)
             ... on level 4 of the Dungeon.
             The game lasted 00:14:09 (3549 turns).

radek the Skirmisher (Merfolk Berserker)            Turns: 3549, Time: 00:14:09

Health: -1/49      AC: 11    Str: 20    XL:     6   Next: 4%
Magic:  6/6        EV:  9    Int:  6    God:    Trog [***...]
Gold:   210        SH:  0    Dex: 13    Spells: 0 memorised, 5 levels left

rFire  . . .     SeeInvis .     a - +0 falchion
rCold  . . .     Clarity  .     j - +0 chain mail
rNeg   . . .     SustAt   .     (no shield)
rPois  .         Gourm    .     (no helmet)
rElec  .         Spirit   .     (no cloak)
rCorr  .         Warding  .     n - +0 pair of gloves
rMut   .         Stasis   .     p - +0 pair of boots
MR     .....                    (no amulet)
Stlth  ..........               (no ring)
                                (no ring)

@: lethally poisoned (-1 -> -12), exhausted, slowed, very slow, not resistant to
hostile enchantments, extremely unstealthy
A: change form in water, swift swim
a: Burn Spellbooks, Berserk, Trog's Hand, Renounce Religion


You were on level 4 of the Dungeon.
You worshipped Trog.
Trog was most pleased with you.
You were very hungry.

You visited 1 branch of the dungeon, and saw 4 of its levels.

You collected 210 gold pieces.

Inventory:

Hand Weapons
 a - a +0 falchion (weapon)
 B - a +0 flail
 C - a +0 mace
Armour
 b - a +0 animal skin
 d - a +0 leather armour
 h - a +0 chain mail
 j - a +0 chain mail (worn)
 n - a +0 pair of gloves (worn)
 p - a +0 pair of boots (worn)
 q - a +3 leather armour
 s - a +0 ring mail
 v - a +0 ring mail
 y - a +0 ring mail
 D - a +0 ring mail
Jewellery
 l - a +4 ring of strength {unknown}
 w - an uncursed amulet of resist corrosion {unknown}
Scrolls
 e - 3 scrolls of teleportation {unknown}
 g - 6 scrolls of identify {unknown}
 k - 2 scrolls of immolation {unknown}
 m - a scroll of recharging {unknown}
 r - a scroll of remove curse {unknown}
 t - a scroll of amnesia {unknown}
 u - 2 scrolls of enchant armour {unknown}
 x - a scroll of noise {unknown}
Potions
 i - 4 potions of curing {unknown}
 o - 4 potions of poison
 E - a potion of agility {unknown}
Comestibles
 c - 3 bread rations
 f - a chunk of flesh
 z - a meat ration
 A - 7 fruits


   Skills:
 + Level 4.6 Fighting
 + Level 4.6 Long Blades
 + Level 2.6 Armour
 + Level 4.0 Dodging
 + Level 0.8 Stealth


You had 5 spell levels left.
You didn't know any spells.

Dungeon Overview and Level Annotations

Branches:
Dungeon (4/15)
 Temple: D:4-7

Altars:
Sif Muna


Message History

Things that are here:
a halberd; a gnoll corpse You closely miss the gnoll.
The gnoll hits you but does no damage. The gnoll hits you with a spear.
* * * LOW HITPOINT WARNING * * *
The gnoll hits you but does no damage. The gnoll barely misses you.
You see here a giant club.
You hit the gnoll but do no damage.
The gnoll hits you from afar with a spear.
* * * LOW HITPOINT WARNING * * *
The gnoll hits you but does no damage.
The gnoll hits you from afar with a spear.
* * * LOW HITPOINT WARNING * * *
The gnoll hits you but does no damage.
Drink which item? (? for menu, Esc to quit)
It was a potion of poison.
That liquid tasted very nasty...
You are lethally poisoned!
You die...

#...###.#
##.## #.#
#.####.#
#......#
#.######
#.###
#...#
###.# #@#
#g# #...g#
.........
####....##
#......
#.###.# #.
#.# # #.#


You could see 2 gnolls.

Vanquished Creatures
  An ogre (D:4)
  3 adders
  2 gnolls
  5 worms
  A giant gecko (D:2)
  5 orcs (D:3)
  7 bats
  8 giant cockroaches
  12 hobgoblins
  2 jackals (D:2)
  9 kobolds
  2 ball pythons
  4 giant newts
  6 goblins
  15 rats
82 creatures vanquished.

Notes
Turn   | Place    | Note
--------------------------------------------------------------
     0 | D:1      | radek the Merfolk Berserker began the quest for the Orb.
     0 | D:1      | Reached XP level 1. HP: 18/18 MP: 1/1
   222 | D:1      | Reached XP level 2. HP: 24/24 MP: 2/2
   625 | D:1      | Acquired Trog's second power
   684 | D:1      | Reached XP level 3. HP: 30/30 MP: 3/3
  1374 | D:2      | Reached skill level 4 in Fighting
  1479 | D:1      | Reached XP level 4. HP: 12/37 MP: 4/4
  2063 | D:2      | Found a deep blue altar of Sif Muna.
  2899 | D:3      | Reached XP level 5. HP: 39/42 MP: 5/5
  3527 | D:4      | Noticed an ogre
  3540 | D:4      | Killed an ogre
  3544 | D:4      | Reached XP level 6. HP: 23/49 MP: 6/6
  3548 | D:4      | HP: 1/49 [gnoll/spear (6)]
  3549 | D:4      | Succumbed to poison (a potion of poison)

Vault maps used:
D:1:      dpeg_arrival_lava_temple_mockup, serial_bayou_pond_c,
          due_unseen_surprise
D:2:      overflow_temple_1_default, minmay_cut_off
D:4:      old_standard_altar, grunt_temple_overflow_open, first_bread,
          lightli_sewer_entry_pipes

Action                   |  1- 3 |  4- 6 || total
-------------------------+-------+-------++-------
Melee: Falchion          |   131 |   183 ||   314
Invok: Berserk           |     3 |     1 ||     4
  Use: Potion            |       |     1 ||     1
 Stab: Sleeping          |     1 |       ||     1
  Eat: Chunk             |     5 |     5 ||    10
       Pizza             |       |     1 ||     1
